 Dungeon Sprint DCSS version 0.29-a0-392-g297d3b089c (webtiles) character file.

Game seed: 12367452287769800142

176 mhtbhm the Skirmisher (level 5, 0/53 HPs)
             Began as a Draconian Berserker on May 8, 2022.
             Was a Priest of Trog.
             Succumbed to a water moccasin's poison
             ... in the Dungeon (Sprint IX: "|||||||||||||||||||||||||||||").
             The game lasted 00:00:24 (142 turns).

mhtbhm the Skirmisher (Draconian Berserker)          Turns: 142, Time: 00:00:25

Health: 0/53       AC:  5    Str: 22    XL:     5   Next: 30%
Magic:  5/5        EV: 13    Int:  7    God:    Trog [***...]
Gold:   0          SH:  0    Dex: 10    Spells: 4/4 levels left

rFire   . . .      SeeInvis .   a - +0 falchion
rCold   . . .      Faith    .   (no shield)
rNeg    . . .      Spirit   .   (body armour unavailable)
rPois   .          Reflect  .   (helmet restricted)
rElec   .          Harm     .   (no cloak)
rCorr   .          Rampage  .   (no gloves)
Will    ++...      NoTele   +   (no boots)
Stlth   +.........              (no amulet)
HPRegen 1.17/turn               (no ring)
MPRegen 0.09/turn               (no ring)

@: lethally poisoned (0 -> -3), strong-willed, on berserk cooldown,
regenerating, slowed, very slow
A: AC +5, unfitting armour, cold-blooded
a: Renounce Religion, Berserk, Trog's Hand


You were in the Dungeon.
You worshipped Trog.
Trog was most pleased with you.
You visited 1 branch

Inventory:

Hand Weapons
 a - a +0 falchion (weapon)
Scrolls
 g - a scroll of blinking
Potions
 d - a potion of haste
 e - 2 potions of magic
 f - a potion of berserk rage


   Skills:
 + Level 7.6 Fighting
 + Level 7.4 Long Blades
 + Level 5.8 Dodging


You had 4 spell levels left.
You didn't know any spells.
Your spell library was empty.

Dungeon Overview and Level Annotations

Branches:
Dungeon (1/1)

Altars:


Innate Abilities, Weirdness & Mutations

Your plain brown scales are hard. (AC +5)
You cannot fit into any form of body armour.
You are cold-blooded and may be slowed by cold attacks.


Message History

Your tail-slap misses the water moccasin.
The water moccasin is severely wounded.
You feel sick.
The water moccasin closely misses you. x2
You barely miss the water moccasin.
The water moccasin is severely wounded.
You feel sick.
You are no longer poisoned.
The water moccasin bites you.
You are poisoned.
The water moccasin poisons you! The water moccasin closely misses you.
You slash the water moccasin!
The water moccasin is almost dead.
You feel very sick. The water moccasin bites you.
The water moccasin misses you.
You closely miss the water moccasin.
The water moccasin is almost dead.
You feel very sick. The water moccasin misses you.
The water moccasin closely misses you. The water moccasin bites you.
* * * LOW HITPOINT WARNING * * *
You completely miss the water moccasin.
The water moccasin is almost dead.
You feel sick. The water moccasin bites you.
* * * LOW HITPOINT WARNING * * *
You are lethally poisoned!
The water moccasin poisons you! The water moccasin closely misses you.
You hit the water moccasin.
You kill the water moccasin!
Trog accepts your kill.
* * * LOW HITPOINT WARNING * * *
You feel very sick.
Your Fighting skill gained 2 levels and is now at level 7!
Your Long Blades skill gained 2 levels and is now at level 7!
Your Dodging skill increases to level 5!
You have reached level 5!
Unknown command.
Okay, then.
Your skin crawls.
You feel strong-willed.
You die... ▓▓▓▓▓▓▓▓▓▓▓▓▓▓▓▓▓▓ +.....@.....)...<▓ ▓▓▓▓▓▓▓▓▓▓▓▓▓▓▓▓▓▓

There were no monsters in sight!

Vanquished Creatures
  A water moccasin (D)
  A hound (D)
  An iguana (D)
  A worm (D)
  A dart slug (D)
  An orc (D)
  A ball python (D)
  A goblin (D)
  A hobgoblin (D)
  A kobold (D)
10 creatures vanquished.

Notes
Turn   | Place    | Note
-------+----------+-------------------------------------------
     0 | D        | mhtbhm the Draconian Berserker began the quest for the Orb.
     0 | D        | Reached XP level 1. HP: 19/19 MP: 1/1
    12 | D        | Reached ** piety under Trog
   108 | D        | Noticed a water moccasin
   108 | D        | Noticed an iguana
   108 | D        | Noticed a hound
   112 | D        | Reached XP level 2. HP: 27/27 MP: 2/2
   115 | D        | Reached *** piety under Trog
   116 | D        | Reached skill level 5 in Fighting
   116 | D        | Reached skill level 5 in Long Blades
   116 | D        | Reached XP level 3. HP: 36/36 MP: 3/3
   124 | D        | Reached XP level 4. HP: 44/44 MP: 4/4
   141 | D        | Killed a water moccasin
   141 | D        | HP: 2/44 [poisoned by a water moccasin]
   142 | D        | Reached skill level 5 in Dodging
   142 | D        | Reached XP level 5. HP: 2/53 MP: 5/5
   142 | D        | Succumbed to a water moccasin's poison

Illustrated notes

Levels and vault maps discovered:
D:        linesprint [early_d, line_temple, items_1, d_10, items_2, lair_1,
          lair_end, items_3, orc_1, orc_end, items_4, d_15, swamp_1, shoals_1,
          snake_1, spider_1, d_20, vaults_1, items_5, swamp_end, shoals_end,
          snake_end, spider_end, vaults_end, d_27, items_6, zot_1, zot_end,
          crypt_end, forest_end, elf_end, slime_end, tomb_end, abyss_end,
          pan_hell_end]

Skill      XL: |  1  2  3  4 |
---------------+-------------+-----
Dodging        | 3 4 5 |  5.8
Fighting       | 4 5 7 |  7.6
Long Blades    | 5 7 |  7.4

Action                   |  1- 3 |  4- 6 || total
-------------------------+-------+-------++-------
Melee: Falchion          |    24 |    16 ||    40
       Tailslap          |     3 |     1 ||     4
Invok: Berserk           |     1 |       ||     1
       Trog's Hand       |       |     1 ||     1
  Use: Potion            |       |     2 ||     2
Armor: Skin              |     1 |     5 ||     6
Dodge: Dodged            |     8 |    16 ||    24

Table legend: (Time is in decaauts)
 A = Elapsed time spent in this place.
 B = Non-inter-level travel time spent in this place.
 C = Inter-level travel time spent in this place.
 D = Time resting spent in this place.
 E = Time spent auto-exploring this place.
 F = Levels seen in this place.
 G = Mean time per level.
                   A        B        C        D        E       F      G
               +--------+--------+--------+--------+--------+-----+--------+
         Total |    145 |    145 |      0 |     87 |      2 |   1 |  145.0 |
       Dungeon |    145 |    145 |      0 |     87 |      2 |   1 |  145.0 |
               +--------+--------+--------+--------+--------+-----+--------+

Top non-repeatable levels by time:
       D: 145 daAuts
